[Event "Portugal-ch Seniors-50 2022"]
[Site "Atouguia da Baleia"]
[Date "2022.06.15"]
[Round "1.6"]
[White "Galvao, Henrique"]
[Black "Da Silva, Reinaldo S.B."]
[Result "1/2-1/2"]
[ECO "C02"]
[WhiteElo "2118"]
[BlackElo "2340"]
[Annotator "TA"]
[PlyCount "93"]
[EventDate "2022.06.09"]
[EventType "swiss"]
[EventCountry "POR"]
[SourceTitle "playchess.com"]
[Source "ChessBase"]
[SourceQuality "1"]
[TimeControl "5400+30"]

1. e4 e6 2. d4 d5 3. e5 c5 4. c3 Nc6 5. Nf3 Bd7 6. Bd3 cxd4 7. cxd4 Qb6 8. O-O Nxd4 9. Ng5 {[%emt 0:00:22] 9.Nbd2 is a critical line.} (9. Nbd2 $11) 9... Nf5 $2 {[%emt 0:01:08] C02: French: Advance Variation.} (9... Nc6 $17 {keeps the pressure on.} 10. Nf3 f6) 10. Bxf5 $16 exf5 11. Qxd5 Be6 {[%emt 0:00:54] White is slightly better.} 12. Nxe6 fxe6 13. Qc4 {[%emt 0:00:36] [#]} Ne7 $146 ({Predecessor:} 13... Bc5 14. Nc3 Rc8 15. Be3 Ne7 16. Na4 Bxe3 17. Nxb6 Rxc4 18. Nxc4 Bc5 19. Rfd1 Nd5 {1-0 (57) Steens,R (1749)-Kadenbach,W (1689) Germany 2014}) 14. Be3 Qc6 15. Qb3 Qd5 16. Qa4+ Qc6 $1 17. Qb3 Qd5 18. Nc3 Qxb3 19. axb3 a6 20. b4 Nc6 21. b5 Nxe5 22. Bd4 Nc4 23. Rfd1 (23. Rfc1 $11) 23... Nxb2 $17 24. Rdb1 {[%emt 0:01:28] [#]} Nc4 ({Black should play} 24... Nd3 $1 $17) 25. bxa6 $11 Rxa6 26. Rxa6 (26. Nb5 $1 $11 {keeps the balance.} Ke7 27. Rc1 Rxa1 28. Bxa1) 26... bxa6 $17 27. Rb7 e5 (27... Nd6 $17 28. Ra7 Rg8) 28. Ba7 (28. Bc5 $1 $11 {remains equal.}) 28... Bd6 (28... Rg8 $17) 29. Rxg7 $11 e4 30. Bd4 Be5 31. Bxe5 Nxe5 {[%emt 0:00:26][%mdl 4096] Endgame KRN-KRN} 32. Ra7 {[%emt 0:03:19] Threatens to win with Ra8+.} O-O 33. Nd5 Rd8 34. Nf6+ Kf8 35. Nxh7+ Kg8 36. Nf6+ Kf8 37. g4 Rd6 38. Nh7+ Kg8 39. g5 ({Of course not} 39. gxf5 Nf3+ 40. Kg2 Rh6 $15) 39... Kh8 $2 {[%mdl 8192] [#]} (39... e3 $11 40. fxe3 (40. Nf6+ $2 Rxf6 41. Kf1 e2+ 42. Kxe2 Re6 $19) 40... Rd2) 40. Nf6 $1 $18 Nf3+ 41. Kg2 Nxg5 42. h4 $2 (42. Ra8+ $18 Rd8 43. Rxd8+ Kg7 44. Rd6) 42... Rxf6 $11 {The position is equal.} 43. hxg5 Rg6 44. Kg3 Rxg5+ 45. Kf4 Rg2 46. Kxf5 Rxf2+ 47. Kxe4 {Weighted Error Value: White=0.33/Black=0.23 (precise)} 1/2-1/2

[Event "Portugal-ch Seniors-50 2022"]
[Site "Atouguia da Baleia"]
[Date "2022.06.15"]
[Round "1.7"]
[White "Pinto Neto, Antonio de Padua"]
[Black "Fernandes, Alberto"]
[Result "0-1"]
[ECO "A02"]
[WhiteElo "1924"]
[BlackElo "2094"]
[Annotator "NA RC"]
[PlyCount "60"]
[EventDate "2022.06.09"]
[EventType "swiss"]
[EventCountry "POR"]
[SourceTitle "playchess.com"]
[Source "ChessBase"]
[SourceQuality "1"]
[TimeControl "5400+30"]

1. f4 Nf6 2. Nf3 c5 3. e3 Nc6 4. Bb5 e6 5. O-O Be7 6. b3 O-O 7. Bxc6 bxc6 8. Nc3 d6 9. d3 Nd5 10. Nxd5 cxd5 11. d4 a5 12. c3 Qb6 13. Qc2 h6 14. Kh1 Ba6 15. Rd1 f5 16. Bb2 Bf6 17. Rab1 Qc6 18. Qf2 Rab8 19. h4 Rb7 20. Qd2 Rc8 21. c4 dxc4 22. d5 exd5 23. Bxf6 gxf6 24. Qxd5+ Qxd5 25. Rxd5 Rc6 26. h5 Kf7 27. Rbd1 cxb3 28. axb3 Ke6 29. e4 fxe4 30. Nh4 Bd3 0-1

[Event "Portugal-ch Seniors-50 2022"]
[Site "Atouguia da Baleia"]
[Date "2022.06.15"]
[Round "1.8"]
[White "Tavares, Antonio Americo"]
[Black "Correia, Joao Pedro De Sousa"]
[Result "1-0"]
[ECO "A43"]
[WhiteElo "1933"]
[BlackElo "1848"]
[Annotator "NA RC"]
[PlyCount "73"]
[EventDate "2022.06.09"]
[EventType "swiss"]
[EventCountry "POR"]
[SourceTitle "playchess.com"]
[Source "ChessBase"]
[SourceQuality "1"]
[TimeControl "5400+30"]

1. d4 c5 2. e3 cxd4 3. exd4 Nf6 4. Nf3 d5 5. Bd3 Bg4 6. O-O e6 7. c3 Bd6 8. h3 Bh5 9. Nbd2 Nc6 10. b3 O-O 11. Bb2 e5 12. dxe5 Nxe5 13. Be2 Re8 14. Nxe5 Bxe2 15. Qxe2 Bxe5 16. Qd3 Nh5 17. g3 Qb6 18. Kg2 Qc6 19. Nf3 Rac8 20. Rfe1 Bf6 21. Rad1 Re4 22. Qxd5 Qxd5 23. Rxd5 Rxe1 24. Nxe1 g6 25. Rd7 Bxc3 26. Bxc3 Rxc3 27. Rxb7 Nf6 28. Rxa7 Rc1 29. Nd3 Rd1 30. Ne5 Ne4 31. Nxf7 Rd2 32. Nh6+ Kh8 33. Kf3 Nxf2 34. h4 Nh1 35. g4 Rh2 36. g5 Rxh4 37. Ra8+ 1-0

[Event "Portugal-ch Seniors-50 2022"]
[Site "Atouguia da Baleia"]
[Date "2022.06.15"]
[Round "1.9"]
[White "Arantes, Carlos Eduardo Gonca"]
[Black "Godinho Marques, Pedro"]
[Result "0-1"]
[ECO "A08"]
[WhiteElo "1722"]
[BlackElo "1838"]
[Annotator "NA RC COMBH"]
[PlyCount "118"]
[EventDate "2022.06.09"]
[EventType "swiss"]
[EventCountry "POR"]
[SourceTitle "playchess.com"]
[Source "ChessBase"]
[SourceQuality "1"]
[TimeControl "5400+30"]

1. Nf3 c5 2. g3 d5 3. Bg2 Nc6 4. d4 Nf6 5. O-O e6 6. c4 Be7 7. Nc3 O-O 8. dxc5 Bxc5 9. cxd5 exd5 10. Bg5 d4 11. Bxf6 Qxf6 12. Ne4 Qe7 13. Nxc5 Qxc5 14. Rc1 Qb6 15. Qd2 Be6 16. b3 Rfd8 17. Rfd1 a5 18. Ng5 Bd5 19. Bxd5 Rxd5 20. Qf4 f6 21. Ne6 Re5 22. Qg4 g6 23. Nxd4 f5 24. Rxc6 bxc6 25. Qf3 Rd8 26. e3 Red5 27. Rc1 c5 28. Nc2 Qd6 29. Re1 Rd1 30. Kg2 Rxe1 31. Nxe1 Qd5 32. Kf1 Qxf3 33. Nxf3 Kf7 34. Ke2 Kf6 35. Nd2 Ra8 36. a4 Ke5 37. Kd3 Rd8+ 38. Kc3 Ra8 39. f3 Ra7 40. Nc4+ Kd5 41. Nb6+ Kc6 42. Nc4 g5 43. e4 fxe4 44. fxe4 Ra6 45. g4 Kc7 46. Kd3 Rh6 47. Nxa5 Rxh2 48. Kc4 Kb6 49. e5 Rh4 50. Kd5 Kxa5 51. Kxc5 Rxg4 52. Kd6 Re4 53. Ke6 g4 54. Kf5 g3 55. Kxe4 g2 56. Kf5 g1=Q 57. Kf6 h5 58. e6 h4 59. e7 Qe1 0-1

[Event "Portugal-ch Seniors-50 2022"]
[Site "Atouguia da Baleia"]
[Date "2022.06.15"]
[Round "1.10"]
[White "Elias, Benjamim"]
[Black "Botelho, Adelino"]
[Result "1-0"]
[ECO "A03"]
[WhiteElo "1818"]
[BlackElo "1391"]
[Annotator "NA RC COMBH"]
[PlyCount "31"]
[EventDate "2022.06.09"]
[EventType "swiss"]
[EventCountry "POR"]
[SourceTitle "playchess.com"]
[Source "ChessBase"]
[SourceQuality "1"]
[TimeControl "5400+30"]

1. f4 d5 2. e3 Nf6 3. Nf3 Bg4 4. Be2 e6 5. Ne5 Bxe2 6. Qxe2 Bd6 7. Qb5+ Nbd7 8. Nxd7 Nxd7 9. Qxb7 O-O 10. O-O g5 11. d4 gxf4 12. exf4 Qf6 13. c3 Nb6 14. Qa6 c5 15. Qd3 Bc7 16. dxc5 1-0

[Event "Portugal-ch Seniors-50 2022"]
[Site "Atouguia da Baleia"]
[Date "2022.06.16"]
[Round "2.6"]
[White "Fernandes, Alberto"]
[Black "Elias, Benjamim"]
[Result "1-0"]
[ECO "B08"]
[WhiteElo "2094"]
[BlackElo "1818"]
[Annotator "NA RC"]
[PlyCount "51"]
[EventDate "2022.06.09"]
[EventType "swiss"]
[EventCountry "POR"]
[SourceTitle "playchess.com"]
[Source "ChessBase"]
[SourceQuality "1"]
[TimeControl "5400+30"]

1. e4 d6 2. d4 Nf6 3. Nc3 g6 4. Nf3 Bg7 5. Be2 c6 6. a4 a5 7. O-O O-O 8. h3 Na6 9. Be3 Re8 10. Qd2 Qc7 11. Rad1 Nb4 12. Bc4 e6 13. Bb3 Bd7 14. Rfe1 Rf8 15. Bf4 Ne8 16. e5 d5 17. Ne2 c5 18. c3 Na6 19. Bxd5 Bxa4 20. Ra1 Bc6 21. Bxc6 bxc6 22. Ng3 Qb6 23. Ne4 Nec7 24. Nf6+ Bxf6 25. exf6 cxd4 26. Be5 1-0

[Event "Portugal-ch Seniors-50 2022"]
[Site "Atouguia da Baleia"]
[Date "2022.06.16"]
[Round "2.7"]
[White "Cavadas, Jose"]
[Black "Tavares, Antonio Americo"]
[Result "1-0"]
[ECO "E21"]
[WhiteElo "1382"]
[BlackElo "1933"]
[Annotator "TA"]
[PlyCount "69"]
[EventDate "2022.06.09"]
[EventType "swiss"]
[EventCountry "POR"]
[SourceTitle "playchess.com"]
[Source "ChessBase"]
[SourceQuality "1"]
[TimeControl "5400+30"]

1. d4 Nf6 2. Nf3 e6 3. c4 b6 4. Nc3 Bb7 5. Bg5 Be7 6. e3 O-O 7. Bd3 d5 8. O-O Nbd7 9. Rc1 Ne4 10. Bxe7 Qxe7 11. cxd5 exd5 12. Qe2 a5 {D55: Queen's Gambit Declined: 4 Bg5 Be7: Lines without ...h6 and 6...h6 7 Bxf6.} 13. Rfe1 {[#]} f5 $146 ({Predecessor:} 13... c5 14. Bb5 Nxc3 15. bxc3 Nf6 16. Qb2 Qd6 17. Rb1 Rfb8 18. Qa3 Qc7 19. Ne5 Ba6 20. Nf3 Bxb5 21. Rxb5 {½-½ (50) Melnichuk,M (2280)-Vetoshko,V (2079) Lubin 2009}) 14. a3 Kh8 {The position is equal.} 15. Bb1 c6 16. Qd1 g5 17. Nd2 Qf6 (17... Nd6 $11) 18. Nf3 (18. Ncxe4 $14 dxe4 19. f3) 18... g4 $11 19. Ne5 Nxe5 20. dxe5 Qe6 (20... Qxe5 $15 21. Qd4 Qxd4 22. exd4 Rab8) 21. Ne2 (21. Bxe4 $11 {should be considered.} dxe4 22. Qd6 Qxd6 23. exd6) 21... c5 (21... Qxe5 $15 22. Nf4 Rf7) 22. Ba2 $2 {[#]} ({White should try} 22. b4 $11) 22... Qxe5 $17 23. Qb3 Rf6 24. Red1 (24. Ng3 {was worth a try.}) 24... Re8 {Hoping for ...c4.} 25. Nf4 c4 (25... d4 $19 {Strongly threatening ...Ba6.} 26. Nd3 Qd6 27. exd4 Qxd4) 26. Qb5 $2 {[%mdl 8192] [#] Against Ba6} (26. Qc2 $17) 26... Nxf2 $1 $19 27. Re1 Ne4 28. Rcd1 Nc5 {White must now prevent ...Ba6.} 29. Nxd5 Ba6 ({Stronger than} 29... Bxd5 30. Rxd5 Qxd5 31. Qxe8+ Kg7 32. Qe7+ Kg6 33. Qe8+ Kh6 34. Rf1 $17) (29... Rh6 $142 30. Nf4 Ba6 31. Qxe8+ Qxe8) 30. Qxe8+ Qxe8 31. Nxf6 Qe5 32. Rd8+ Kg7 33. Nd7 Qc7 (33... Qxb2 $142 {( -> ...Bb7)} 34. Nxc5 bxc5) 34. Nxc5 Qxd8 $4 (34... Qxc5 $19 35. Bb1 Bc8) 35. Ne6+ {White used his chance.  Weighted Error Value: White=0.71/Black=0.57} 1-0

[Event "Portugal-ch Seniors-50 2022"]
[Site "Atouguia da Baleia"]
[Date "2022.06.16"]
[Round "2.8"]
[White "Godinho Marques, Pedro"]
[Black "Galvao, Henrique"]
[Result "0-1"]
[ECO "A45"]
[WhiteElo "1838"]
[BlackElo "2118"]
[Annotator "NA RC"]
[PlyCount "42"]
[EventDate "2022.06.09"]
[EventType "swiss"]
[EventCountry "POR"]
[SourceTitle "playchess.com"]
[Source "ChessBase"]
[SourceQuality "1"]
[TimeControl "5400+30"]

1. d4 Nf6 2. Bf4 c5 3. d5 d6 4. c4 g6 5. Nc3 Bg7 6. e4 O-O 7. Qd2 Re8 8. O-O-O b5 9. Bd3 bxc4 10. Bc2 a5 11. f3 Na6 12. a3 Nb4 13. g4 Qb6 14. h4 Nfxd5 15. axb4 Nxc3 16. bxc3 axb4 17. cxb4 c3 18. Qh2 Qxb4 19. Bb1 Ra1 20. Kc2 Ba6 21. Rc1 Qa4# 0-1

[Event "Portugal-ch Seniors-50 2022"]
[Site "Atouguia da Baleia"]
[Date "2022.06.16"]
[Round "2.9"]
[White "Da Silva, Reinaldo S.B."]
[Black "Pinto Neto, Antonio de Padua"]
[Result "1-0"]
[ECO "D38"]
[WhiteElo "2340"]
[BlackElo "1924"]
[Annotator "TA"]
[PlyCount "116"]
[EventDate "2022.06.09"]
[EventType "swiss"]
[EventCountry "POR"]
[SourceTitle "playchess.com"]
[Source "ChessBase"]
[SourceQuality "1"]
[TimeControl "5400+30"]

1. Nf3 d5 2. d4 Nf6 3. c4 e6 4. Nc3 Bb4 5. e3 O-O 6. Bd3 dxc4 {[%emt 0:10:21] is now more promising than 6...c5.} 7. Bxc4 Bxc3+ {[%emt 0:00:39] E51: Nimzo-Indian: Rubinstein: 4...0-0 5 Nf3 d5.} 8. bxc3 b6 {[%emt 0:06:58] [#]} 9. Bd3 $146 ({Predecessor:} 9. Ba3 Ba6 10. Bxa6 Nxa6 11. Qa4 Nb8 12. Bxf8 Kxf8 13. O-O Qd7 14. Qb4+ Kg8 15. Ne5 {1-0 (24) Thew,B (2154)-White,C (1750) ICCF email 2015}) 9... Bb7 {[%emt 0:02:14] Against e4. White is slightly better.} 10. Qc2 h6 11. Ba3 Re8 12. e4 Nfd7 (12... c5 $11 {should be considered.}) 13. O-O c5 14. Rfd1 Qc7 15. Qe2 Nc6 16. Rac1 Ne7 17. Bb5 Bc6 18. dxc5 (18. Ba6 $14) 18... bxc5 $11 19. Qc4 (19. Bxc6 $11 Qxc6 20. Qe3) 19... a6 20. Bxc6 ({Not} 20. Bxa6 $2 Qb6 21. Rxd7 Bxd7 22. Bxc5 Qxa6 $19) 20... Qxc6 21. Rd2 Rec8 22. Rcd1 (22. Qd3 $5 Nf6 23. Re1 $11) 22... Nf6 23. Re2 Qb5 (23... Ng6 $5 ) 24. Ne5 Qxc4 (24... Nc6 $15 25. Qxb5 axb5 26. Nxc6 Rxc6) 25. Nxc4 $14 g5 26. f3 {[%emt 0:01:06] White is more active.} Kg7 {[%emt 0:01:23] [#]} (26... Rc7 $142) 27. Red2 (27. Nb6 $142 $1 ) 27... Rc7 $16 28. Rd6 Ng6 29. Kf2 h5 (29... a5 $142) 30. Rb1 ({White should try} 30. Bc1 $16) 30... Nd7 $14 31. Bc1 Kf6 32. Ne3 Ke7 33. Rd1 f6 34. Ba3 Rb8 $2 {[%emt 0:02:05][%mdl 8192] [#]} (34... Raa7 $11 {and Black is okay.}) 35. g3 $2 (35. Rxd7+ $1 $18 Rxd7 36. Bxc5+ Kf7 37. Rxb8) 35... Rb5 $11 36. Nc4 (36. Rb3 $11) 36... Rcb7 (36... Nge5 $17 37. Ne3 Rcb7) 37. Rbc1 Rb8 38. Ke3 $2 {[%emt 0:01:18][%mdl 8192] Black keeps a firm grip on the game.} (38. Rc2 $1 $15) 38... Nde5 $2 (38... Nge5 $19 39. Rxd7+ Kxd7 40. Nxe5+ fxe5) 39. Nxe5 (39. Rd4 $1 $15) 39... Nxe5 $19 {[%emt 0:00:10] Black is clearly winning.} 40. Kf2 Nc4 41. Bxc5+ Rxc5 42. Rd4 (42. Rc2 $142) 42... e5 43. Rd3 Rb2+ 44. Kg1 Rxa2 45. Rcd1 Rc7 {[%emt 0:00:12] And now ...Rb7 would win.} 46. Rd8 Ke6 47. Rh8 Rd7 48. Re8+ Kf7 49. Rxd7+ Kxe8 {[%emt 0:00:07][%mdl 4096] Endgame KRN-KR} 50. Rc7 Nd6 51. Rc6 Kd7 52. Rc5 Nb7 53. Rd5+ Kc6 54. f4 Ra5 55. Rd3 g4 56. Rd1 Ra2 {[%emt 0:00:25] aiming for ...a5.} 57. fxe5 fxe5 {[%emt 0:00:33] White must now prevent ...a5.} 58. Rf1 Re2 {[%mdl 32768] Weighted Error Value: White=0.91/Black=0.69. Loss on time!?} 1-0

[Event "Portugal-ch Seniors-50 2022"]
[Site "Atouguia da Baleia"]
[Date "2022.06.16"]
[Round "2.10"]
[White "Correia, Joao Pedro De Sousa"]
[Black "Maissa, Susana Flora Cesana"]
[Result "0-1"]
[ECO "B10"]
[WhiteElo "1848"]
[BlackElo "1379"]
[Annotator "NA RC COMBH"]
[PlyCount "92"]
[EventDate "2022.06.09"]
[EventType "swiss"]
[EventCountry "POR"]
[SourceTitle "playchess.com"]
[Source "ChessBase"]
[SourceQuality "1"]
[TimeControl "5400+30"]

1. e4 c6 2. Nf3 d5 3. Nc3 dxe4 4. Nxe4 Nd7 5. d4 Ngf6 6. Bd3 Nxe4 7. Bxe4 Nf6 8. Bd3 Bg4 9. c4 Bxf3 10. Qxf3 Qxd4 11. O-O e6 12. Bf4 Be7 13. Rfd1 Qb6 14. b4 O-O 15. Qh3 Bxb4 16. Be5 Rfd8 17. Qg3 Nh5 18. Qg5 f6 19. Qxh5 Rxd3 20. Rxd3 fxe5 21. Rd7 Rf8 22. Qe2 Bc3 23. Rad1 e4 24. Qe3 Qb2 25. Rd8 Bf6 26. Rxf8+ Kxf8 27. Qc5+ Kf7 28. Qh5+ Ke7 29. Qc5+ Kf7 30. Qxa7 Qb4 31. g4 Qxc4 32. Qxb7+ Kg6 33. Qb1 Kf7 34. Qb3 Qc5 35. Rd7+ Be7 36. Qe3 Qe5 37. f4 Qa1+ 38. Kg2 Qxa2+ 39. Kg3 Ke8 40. Ra7 Qb2 41. Qxe4 Qc1 42. Ra6 Qg1+ 43. Qg2 Qe1+ 44. Qf2 Bh4+ 45. Kxh4 Qxf2+ 46. Kg5 Qxh2 0-1

[Event "Portugal-ch Seniors-50 2022"]
[Site "Atouguia da Baleia"]
[Date "2022.06.17"]
[Round "3.6"]
[White "Fernandes, Alberto"]
[Black "Cavadas, Jose"]
[Result "1-0"]
[ECO "B23"]
[WhiteElo "2094"]
[BlackElo "1382"]
[Annotator "TA"]
[PlyCount "113"]
[EventDate "2022.06.09"]
[EventType "swiss"]
[EventCountry "POR"]
[SourceTitle "playchess.com"]
[Source "ChessBase"]
[SourceQuality "1"]
[TimeControl "5400+30"]

1. e4 c5 2. Nc3 a6 3. f4 d6 4. Nf3 e6 5. g3 Nf6 6. d3 {[%emt 0:00:32] B23: Closed Sicilian: Lines without g3.} b5 7. Bg2 Bb7 8. O-O {[%emt 0:00:22] And now e5 would win. White has an edge.} Nbd7 {[%emt 0:03:34] [#]} (8... Be7 $11) 9. Bd2 $146 (9. e5 $1 $16 ) ({Predecessor:} 9. h3 g6 10. g4 Bg7 11. Ne2 O-O 12. Ng3 d5 13. e5 Ne8 14. g5 Nc7 15. Nh2 {1-0 (35) Svane,F (2423)-Siebrecht,S (2429) Playchess.com INT 2020}) 9... Rc8 10. h3 Be7 11. Kh2 Qc7 12. Ne2 c4 (12... O-O $11) 13. Rc1 Qb6 14. a3 a5 15. Qe1 Ra8 16. Ned4 Nc5 17. Be3 cxd3 18. b4 d2 $2 {[%emt 0:05:11] A mistake that costs the game.} (18... Ncxe4 $2 {[#]} 19. Nxe6 $1 d2 20. Nxd2 $1 $18 (20. Bxb6 dxe1=N 21. Nc7+ Kd7 $18)) ({Black should play} 18... axb4 $14 19. axb4 dxc2) 19. Nxd2 $18 axb4 20. axb4 Ncxe4 $2 {[%emt 0:02:56] [#]} (20... O-O 21. N4b3 Rfc8) 21. Nxe6 $1 Qc6 22. Nxg7+ Kf8 23. Nf5 {[%emt 0:01:09] Hoping for Bd4.} Qd7 24. Nxe7 Qxe7 25. Nxe4 (25. Bd4 $142) 25... Nxe4 26. f5 Qf6 $2 (26... h5 27. Bf4 Rc8) 27. Bf4 {[%emt 0:06:16] This bishop pair is nice.} d5 (27... Re8 $142 28. Qe3 Kg7) 28. Qe3 {[%emt 0:00:32] Black must now prevent Bxe4.} h5 (28... Kg7 $142 29. Bxe4 dxe4) 29. Bxe4 dxe4 30. Qc5+ Kg8 31. Be5 ({Much less strong is} 31. Qxb5 Ba6 32. Qa5 Qc6 $18) 31... Qh6 (31... Qc6 32. Qxc6 Bxc6 33. Bxh8 Kxh8) 32. Bxh8 Qd2+ 33. Qf2 Qxf2+ 34. Rxf2 Kxh8 {[%emt 0:00:09][%mdl 4096] Endgame KRR-KRB} 35. Re1 Re8 36. Re3 f6 (36... Rd8 $142 37. f6 Kh7) 37. Rd2 Re7 38. g4 h4 39. Rd6 Rc7 40. c3 Kg7 41. Kg2 Kf7 42. Kf2 Ke7 43. Re6+ Kf7 44. Ke2 Kg7 45. Rd6 {[%emt 0:01:35] Against Bd5} Kf7 46. Kd2 Kg7 47. Re1 Kf7 48. Kc2 Ke7 49. Re6+ Kf7 50. Rd1 Kg7 51. Rdd6 Rf7 52. Kd2 Kh6 53. Rxf6+ {[%emt 0:00:14] White mates.} Rxf6 54. Rxf6+ Kg5 55. Rb6 Bd5 56. Ke3 Bc4 57. Rg6# {[%emt 0:00:11] Weighted Error Value: White=0.47/Black=0.64} 1-0

[Event "Portugal-ch Seniors-50 2022"]
[Site "Atouguia da Baleia"]
[Date "2022.06.17"]
[Round "3.7"]
[White "Galvao, Henrique"]
[Black "Tavares, Antonio Americo"]
[Result "1/2-1/2"]
[ECO "B20"]
[WhiteElo "2118"]
[BlackElo "1933"]
[Annotator "TA"]
[PlyCount "67"]
[EventDate "2022.06.09"]
[EventType "swiss"]
[EventCountry "POR"]
[SourceTitle "playchess.com"]
[Source "ChessBase"]
[SourceQuality "1"]
[TimeControl "5400+30"]

1. e4 c5 2. d4 e6 3. d5 exd5 4. exd5 d6 5. Nf3 Nf6 6. Bd3 {A43: Schmid Benoni.} Bg4 7. h3 Bh5 8. O-O {Active counter play! White is better.} ({Resist} 8. Bb5+ Nbd7 $14) 8... Be7 9. Re1 O-O 10. Nc3 Nbd7 11. Bf4 {Prevents Ne5.} a6 12. a4 {Prevents b5.} Re8 13. g4 Bg6 {[#]} 14. Qd2 $146 ({Predecessor:} 14. Bxg6 hxg6 15. Qd3 Qc7 16. Rad1 Bf8 17. Ng5 Rxe1+ 18. Rxe1 Re8 19. Rxe8 Nxe8 20. Qe2 {½-½ (37) Bartel,M (2245)-Zurkowski,A (2106) Warsaw 2011}) 14... Qc7 15. Nh4 (15. Bxg6 $14 hxg6 16. Kg2) 15... Ne5 $11 16. Bxe5 dxe5 17. Rad1 {[#] Black must now prevent Bxg6.} Bd6 18. Bxg6 hxg6 19. Ne4 Nxe4 20. Rxe4 b5 21. Rde1 Red8 22. b3 c4 23. g5 cxb3 24. cxb3 Rac8 (24... a5 $15) 25. axb5 axb5 26. Qd3 (26. Nf3 $11) 26... Qc3 $17 27. Qxb5 Rb8 ({Better is} 27... Qxh3 $17 28. b4 Rc2) 28. Qf1 (28. Qc4 $15 Rxb3 29. Qxc3 Rxc3 30. R4e3) 28... Qxb3 29. Rc4 (29. Kg2 $17 {was necessary.}) 29... Rb4 (29... Rdc8 $19 30. Rg4 Rc5) 30. Rxb4 Qxb4 31. Ng2 Qb3 32. Ne3 {[#]} Rc8 {Against Qc4} ({Black should play} 32... Be7 $1 $17 33. Rb1 Qa4) 33. Rc1 $11 Rd8 34. Qc4 {Weighted Error Value: White=0.21 (precise) /Black=0.18 (very precise)} 1/2-1/2

[Event "Portugal-ch Seniors-50 2022"]
[Site "Atouguia da Baleia"]
[Date "2022.06.17"]
[Round "3.8"]
[White "Elias, Benjamim"]
[Black "Da Silva, Reinaldo S.B."]
[Result "0-1"]
[ECO "A02"]
[WhiteElo "1818"]
[BlackElo "2340"]
[Annotator "TA"]
[PlyCount "54"]
[EventDate "2022.06.09"]
[EventType "swiss"]
[EventCountry "POR"]
[SourceTitle "playchess.com"]
[Source "ChessBase"]
[SourceQuality "1"]
[TimeControl "5400+30"]

1. f4 e6 2. b3 d5 3. Bb2 Nf6 4. Nf3 Bd6 5. e3 c5 6. Rg1 {A03: Bird's Opening with 1...d5.} Nc6 7. g4 {[#]} d4 $146 ({Predecessor:} 7... e5 8. fxe5 Nxg4 9. exd6 Nxh2 10. Rxg7 Bg4 11. Rxg4 Nxg4 12. Bxh8 Qxd6 13. Qe2 O-O-O 14. Bb2 Re8 {0-1 (14) Ethier,M (1766)-Vollmer,S (1577) FICGS email 2016}) 8. g5 {The position is equal.} Nd5 9. c4 dxc3 (9... Nde7 $15) 10. Nxc3 $16 Rg8 ({Black should try} 10... Nxc3 11. Bxc3 (11. dxc3 e5 $11) 11... e5) 11. Ne4 Be7 12. a3 Qa5 13. Kf2 Bd7 14. Bd3 (14. Qc2 $142) 14... Qb6 15. Nc3 $2 {[#]} (15. Be2 $16) 15... Nxf4 $1 $17 16. Bxh7 (16. Bf1 $17 {is a better defense.} Ng6 17. Na4) 16... Nh3+ $19 17. Kg2 Rh8 18. Kxh3 Rxh7+ 19. Kg2 O-O-O {White must now prevent ...Na5.} 20. Qc2 Rdh8 {Hoping for ...Na5.} 21. Ne4 Kb8 (21... e5 $142 {Threatens to win with ...f5.} 22. Kf2 Be6) 22. g6 ({White should play} 22. Rac1) 22... fxg6 $17 {[%cal Oe6e5,Bf7g6,Bg6g5][%mdl 32] aiming for ...e5!} 23. Ng3 $2 {[#]} (23. Kh1 $17) 23... g5 $19 24. Qg6 $2 (24. h4 g4 25. Ne5 Nxe5 26. Bxe5+ Bd6 27. Qc3) 24... Bf6 25. Rgb1 $2 (25. Bxf6 gxf6 26. Qxf6) 25... Ne7 {Black is clearly winning.} 26. Qe4 Bc6 27. Be5+ Ka8 {Weighted Error Value: White=0.87/Black=0.32} 0-1

[Event "Portugal-ch Seniors-50 2022"]
[Site "Atouguia da Baleia"]
[Date "2022.06.17"]
[Round "3.9"]
[White "Maissa, Susana Flora Cesana"]
[Black "Godinho Marques, Pedro"]
[Result "0-1"]
[ECO "D02"]
[WhiteElo "1379"]
[BlackElo "1838"]
[Annotator "NA RC"]
[PlyCount "72"]
[EventDate "2022.06.09"]
[EventType "swiss"]
[EventCountry "POR"]
[SourceTitle "playchess.com"]
[Source "ChessBase"]
[SourceQuality "1"]
[TimeControl "5400+30"]

1. d4 d5 2. Nf3 e6 3. Bf4 Bd6 4. Bg3 Nf6 5. e3 O-O 6. Bd3 c5 7. c3 Nc6 8. Nbd2 Re8 9. dxc5 Bxc5 10. O-O a5 11. Qc2 e5 12. Bb5 Bd6 13. Rac1 Qd7 14. Qb3 Qg4 15. h3 Qh5 16. Rfd1 Be6 17. Qa4 Rec8 18. c4 Bb4 19. Bxc6 Bxd2 20. Bxb7 Bxc1 21. Rxc1 Ne4 22. Bxe5 Nc5 23. Qb5 Nxb7 24. Qxb7 dxc4 25. b3 cxb3 26. Rxc8+ Rxc8 27. axb3 f6 28. Bd4 Qd5 29. Qxd5 Bxd5 30. Bb6 Bxf3 31. gxf3 Ra8 32. Kg2 Kf7 33. e4 Ke6 34. f4 Ra6 35. Bc7 Kd7 36. Bb8 Kc8 0-1

[Event "Portugal-ch Seniors-50 2022"]
[Site "Atouguia da Baleia"]
[Date "2022.06.17"]
[Round "3.10"]
[White "Arantes, Carlos Eduardo Gonca"]
[Black "Correia, Joao Pedro De Sousa"]
[Result "1-0"]
[ECO "A20"]
[WhiteElo "1722"]
[BlackElo "1848"]
[Annotator "NA RC"]
[PlyCount "79"]
[EventDate "2022.06.09"]
[EventType "swiss"]
[EventCountry "POR"]
[SourceTitle "playchess.com"]
[Source "ChessBase"]
[SourceQuality "1"]
[TimeControl "5400+30"]

1. c4 e5 2. g3 Nf6 3. Bg2 Bc5 4. Nc3 O-O 5. Nf3 Re8 6. O-O d5 7. b3 c6 8. d3 Bg4 9. h3 Bxf3 10. Bxf3 Bd4 11. Bb2 e4 12. Bg2 dxc4 13. bxc4 e3 14. f4 Nbd7 15. Rb1 Qa5 16. Na4 Bxb2 17. Rxb2 Rab8 18. Qc2 Nc5 19. Nxc5 Qxc5 20. Rfb1 b6 21. Qa4 b5 22. cxb5 cxb5 23. Rxb5 Rxb5 24. Qxb5 Qc2 25. Qb2 Qd2 26. Bf3 h6 27. Qxd2 exd2 28. Rd1 Rb8 29. Rxd2 Nd7 30. Rc2 Nb6 31. Rc7 a5 32. Ra7 a4 33. Bc6 Kf8 34. Bxa4 Nd5 35. Bb3 Ne3 36. Rxf7+ Ke8 37. Rxg7 Rb6 38. g4 Rd6 39. Kf2 Nd5 40. Bxd5 1-0